 Dungeon Crawl Stone Soup version 0.26-a0-1132-ge9770dfcb6 (webtiles) character file.

Game seed: 9677477368582885053

20 Froggeryz the Cudgeller (level 3, 0/27 HPs)
             Began as a Human Gladiator on Dec 20, 2020.
             Slain by Sigmund
             ... wielding a +2 vorpal scythe
              (4 damage)
             ... on level 2 of the Dungeon.
             The game lasted 00:01:13 (1034 turns).

Froggeryz the Cudgeller (Human Gladiator)           Turns: 1034, Time: 00:01:14

Health: 0/27       AC: 11    Str: 15    XL:     3   Next: 0%
Magic:  3/3        EV:  7    Int:  8    God:
Gold:   127        SH:  0    Dex: 14    Spells: 2/2 levels left

rFire    . . .     SeeInvis .   a - +0 flail
rCold    . . .     Faith    .   (no shield)
rNeg     . . .     Spirit   .   o - +0 storm dragon scales
rPois    .         Reflect  .   c - +0 helmet
rElec    +         Harm     .   (no cloak)
rCorr    .         Rampage  .   (no gloves)
Will     .....                  (no boots)
Stlth    ..........             h - amulet of magic regeneration
HPRegen  0.09/turn              (no ring)
MPRegen  0.33/turn              (no ring)

@: no status effects
A: no striking features
a: no special abilities


You were on level 2 of the Dungeon.
You visited 1 branch of the dungeon, and saw 2 of its levels.

You collected 127 gold pieces.

Inventory:

Hand Weapons
 a - a +0 flail (weapon)
Missiles
 d - 5 throwing nets (quivered)
Armour
 c - a +0 helmet (worn)
 f - a +0 troll leather armour
 o - +0 storm dragon scales (worn)
Jewellery
 h - an amulet of magic regeneration (around neck)
Scrolls
 e - a scroll of magic mapping {unknown}
 i - a scroll of remove curse
 m - a scroll of identify {unknown}
Potions
 b - a potion of lignification {unknown}
 g - 2 potions of attraction {unknown}
 j - a potion of magic {unknown}
 k - a potion of flight {unknown}
 l - a potion of mutation {unknown}
 n - 2 potions of cancellation {unknown}
 p - a potion of haste {unknown}


   Skills:
 - Level 2.0 Fighting
 * Level 4.0 Maces & Flails
 - Level 2.0 Throwing
 - Level 3.0 Dodging


You had 2 spell levels left.
You didn't know any spells.
Your spell library was empty.

Dungeon Overview and Level Annotations

Branches:
Dungeon (2/15)

Altars:

Annotations:
D:2 Sigmund


Message History

Sigmund is severely wounded.
Sigmund casts a spell at you.
You are confused.
You bump into the rock wall.
Sigmund hits you but does no damage.
You're too confused to move!
You closely miss Sigmund.
Sigmund is severely wounded.
Sigmund barely misses you.
You hit Sigmund.
Sigmund is severely wounded.
Sigmund hits you but does no damage.
You bump into the rock wall.
Sigmund gestures at you while chanting. The puff of flame hits you!
* * * LOW HITPOINT WARNING * * *
You barely miss Sigmund.
Sigmund is severely wounded.
You feel less confused.
Sigmund hits you with a +2 vorpal scythe.
You die...

##
.###.#
......
###
.###.#
..#
..##.#
#.##
.....#
##..#
..##.#
...
#..#.#
#@#
#..#.##
#@#
##....#
#.#
#....#
#.# #
###...#
#.#.#
....>.##
#?#.#.#
#......#
#.#.#.#
#..###.#
#
#.#.#.#
#..# #.#
#.#.#.#
#..# #.#
#.#.# #


You could see Sigmund.

Vanquished Creatures
  A worm (D:2)
  A dart slug (D:1)
  4 bats (D:1)
  2 giant cockroaches (D:1)
  A goblin (D:1)
  A hobgoblin (D:1)
  A kobold (D:1)
  A ball python (D:2)
  2 frilled lizards (D:1)
  A rat (D:1)
15 creatures vanquished.

Notes
Turn   | Place    | Note
-------+----------+-------------------------------------------
     0 | D:1      | Froggeryz the Human Gladiator began the quest for the Orb.
     0 | D:1      | Reached XP level 1. HP: 16/16 MP: 1/1
   298 | D:1      | Reached XP level 2. HP: 22/22 MP: 2/2
   773 | D:2      | Reached skill level 4 in Maces & Flails
   773 | D:2      | Reached XP level 3. HP: 17/27 MP: 3/3
  1017 | D:2      | Noticed Sigmund
  1034 | D:2      | Slain by Sigmund

Illustrated notes

Levels and vault maps discovered:
D:1:      dpeg_arrival_round_c, layout_basic
D:2:      layout_basic, serial_co_window_serial, co_window_paths_a,
          co_window_cross_1, co_window_corner_a, co_window_corner_a,
          co_window_corner_a, co_window_cross_1, co_window_paths_b,
          co_window_paths_c, co_window_unsneaky_path_a, co_window_2corner,
          co_window_corner_cb, co_window_of_opportunity_b, co_window_paths_d,
          uniq_sigmund

Skill      XL: |  1  2 |
---------------+-------+-----
Maces & Flails | 4 |  4.0
Fighting       | |  2.0
Throwing       | |  2.0
Dodging        | |  3.0

Action                   || total
-------------------------++-------
Melee: Flail             ||    59
  Use: Scroll            ||     3
Armor: Troll leather arm ||    17
       Storm dragon scal ||     6
Dodge: Dodged            ||    53

Table legend: (Time is in decaauts)
 A = Elapsed time spent in this place.
 B = Non-inter-level travel time spent in this place.
 C = Inter-level travel time spent in this place.
 D = Time resting spent in this place.
 E = Time spent auto-exploring this place.
 F = Levels seen in this place.
 G = Mean time per level.
                   A        B        C        D        E       F      G
               +--------+--------+--------+--------+--------+-----+--------+
         Total |   1046 |    986 |     60 |    111 |    709 |   2 |  523.0 |
       Dungeon |   1046 |    986 |     60 |    111 |    709 |   2 |  523.0 |
               +--------+--------+--------+--------+--------+-----+--------+

Top non-repeatable levels by time:
     D:1: 742 daAuts
     D:2: 304 daAuts
